 Dungeon Crawl Stone Soup version 0.19-a0-46-g8690a2b (webtiles) character file.

124 Jeelzebub the Skirmisher (level 5, -3/43 HPs)
             Began as a Human Fighter on May 5, 2016.
             Was an Initiate of the Shining One.
             Slain by a gnoll
             ... wielding a +2 halberd of protection
              (6 damage)
             ... on level 3 of the Dungeon.
             The game lasted 00:03:03 (3736 turns).

Jeelzebub the Skirmisher (Human Fighter)            Turns: 3736, Time: 00:03:03

Health: -3/43      AC:  6    Str: 16    XL:     5   Next: 30%
Magic:  5/5        EV:  9    Int:  9    God:    the Shining One [......]
Gold:   139        SH:  0    Dex: 13    Spells: 0 memorised, 4 levels left

rFire  . . .     SeeInvis .     a - +0 long sword
rCold  . . .     Gourm    .     b - +0 scale mail
rNeg   . . .     Faith    .     (no shield)
rPois  .         Spirit   .     (no helmet)
rElec  .         Dismiss  .     (no cloak)
rCorr  .         Reflect  .     (no gloves)
SustAt .         Harm     .     (no boots)
MR     .....                    (no amulet)
Stlth  ..........               (no ring)
                                (no ring)

@: glowing, drained, not resistant to hostile enchantments, extremely unstealthy
A: no striking features
a: Renounce Religion


You were on level 3 of the Dungeon.
You worshipped the Shining One.
The Shining One was noncommittal.
You were very hungry.

You visited 1 branch of the dungeon, and saw 4 of its levels.

You collected 139 gold pieces.

Inventory:

Hand Weapons
 a - a +0 long sword (weapon)
 s - a +2 short sword of draining
   (You took it off a kobold on level 3 of the Dungeon)
Armour
 b - a +0 scale mail (worn)
 c - a +0 shield
 n - a +0 helmet
   (You found it on level 2 of the Dungeon)
Jewellery
 e - an uncursed ring of see invisible {unknown}
   (You found it on level 1 of the Dungeon)
 q - a cursed amulet of inaccuracy {unknown}
   (You found it on level 2 of the Dungeon)
Scrolls
 h - a scroll of identify {unknown}
 j - a scroll of recharging {unknown}
 k - a scroll of fear {unknown}
 p - 2 scrolls of teleportation {unknown}
 r - a scroll of magic mapping {unknown}
 t - 2 scrolls of fog {unknown}
 v - a scroll of enchant weapon {unknown}
 w - 2 scrolls of amnesia {unknown}
 y - a scroll of blinking {unknown}
Potions
 d - 2 potions of might
 i - 2 potions of curing {unknown}
 m - a potion of cure mutation {unknown}
 o - 2 potions of brilliance {unknown}
 u - 2 potions of haste {unknown}
Comestibles
 f - 2 bread rations {@e1}
 g - 4 beef jerkies
 l - 2 meat rations {@e2}
 x - a royal jelly


   Skills:
 + Level 4.7(4.4) Fighting
 - Level 2.5(2.3) Long Blades
 - Level 3.5(3.3) Armour
 - Level 3.3(3.0) Shields


You had 4 spell levels left.
You didn't know any spells.

Dungeon Overview and Level Annotations

Branches:
Dungeon (4/15)
 Temple: D:4-7

Altars:
Pakellas
The Shining One


Message History

You feel sick. The adder bites you.
You are more poisoned.
The adder poisons you!
You take 2 damage, and have 33/43 hp.
You feel sick.
You take 1 damage, and have 32/43 hp.
You feel sick. The adder bites you but does no damage.
You take 1 damage, and have 31/43 hp.
You feel sick.
You hit the adder.
You feel sick. The adder bites you. The adder bites you but does no damage.
You take 2 damage, and have 29/43 hp.
You barely miss the adder. The adder bites you but does no damage.
You hit the adder.
You feel sick. The adder barely misses you. The adder misses you.
The gnoll hits you with a flail!
You take 8 damage, and have 21/43 hp.
You are too injured to fight recklessly!
Unknown command.
You feel sick.
You take 1 damage, and have 20/43 hp.
The adder closely misses you.
You feel sick.
You hit the adder.
You kill the adder!
You feel sick. The gnoll closely misses you.
You take 1 damage, and have 19/43 hp.
You feel sick.
You take 1 damage, and have 18/43 hp.
You feel sick.
You take 1 damage, and have 18/43 hp.
You feel sick.
You take 1 damage, and have 17/43 hp.
You feel sick.
You are no longer poisoned.
You take 1 damage, and have 17/43 hp.
There is a stone staircase leading up here.
You climb upwards.
There is a stone staircase leading down here.
You are too injured to fight recklessly!
You are too injured to fight recklessly!
You are too injured to fight recklessly!
You slash the gnoll! The gnoll hits you with a flail!
* * * LOW HITPOINT WARNING * * *
You take 7 damage, and have 11/43 hp.
You hit the gnoll.
You kill the gnoll!
You see here a flail.
You start resting.
You are feeling hungry.
You regained 3 hp, and now have 14/43 hp.
You start resting.
You are feeling very hungry.
You regained 25 hp, and now have 39/43 hp.
There is a stone staircase leading down, spattered with blood here.
There is a stone staircase leading down, spattered with blood here.
You start resting.
Health restored: 43 Unknown command.
You climb downwards.
The gnoll hits you but does no damage.
There is a stone staircase leading up here.
You hit the gnoll. The gnoll closely misses you.
The gnoll hits you with a halberd of protection.
The gnoll hits you but does no damage.
You climb upwards.
There is a stone staircase leading down, spattered with blood here.
You take 5 damage, and have 38/43 hp.
You hit the gnoll.
The gnoll hits you with a halberd of protection.
You take 5 damage, and have 33/43 hp.
You hit the gnoll but do no damage. The gnoll barely misses you.
You closely miss the gnoll. The gnoll hits you but does no damage.
You hit the gnoll.
The gnoll hits you with a halberd of protection.
You take 6 damage, and have 27/43 hp.
You hit the gnoll but do no damage. The gnoll closely misses you.
You closely miss the gnoll.
The gnoll hits you with a halberd of protection.
You take 4 damage, and have 23/43 hp.
You hit the gnoll but do no damage.
The gnoll hits you with a halberd of protection.
The gnoll barely misses you.
You take 6 damage, and have 17/43 hp.
You are too injured to fight recklessly!
You closely miss the gnoll.
The gnoll hits you with a halberd of protection!
* * * LOW HITPOINT WARNING * * *
You take 10 damage, and have 7/43 hp.
MASSIVE DAMAGE!!
You hit the gnoll but do no damage.
The gnoll hits you with a halberd of protection.
* * * LOW HITPOINT WARNING * * *
You take 5 damage, and have 2/43 hp.
You barely miss the gnoll. The gnoll closely misses you.
You hit the gnoll but do no damage.
The gnoll hits you with a halberd of protection.
The Shining One protects you from harm!
You closely miss the gnoll. The gnoll closely misses you.
You hit the gnoll but do no damage.
The gnoll hits you with a halberd of protection.
You die...

###.# #.# #.## ##.#
#.# #.# #..# #.##
#.# #.# ##.# ##.#
#.###### #.# #.##
##. #......# #.#
#..# ## ######.##
#.# ##.# #####
#.....# #.#
#.########
#.....########.#
#.#..#≈P..
#.(.........@g.#
#.'._#8P..
#####.....##########
###..#≈P..
..........# ########
########.## #####
.......#.#
############.#
######.#.#
#............# #
#.#.# #.############
# #.#.# #.# #
#.#.##########.#


You could see a gnoll.

Vanquished Creatures
  A gnoll (D:3)
  4 adders
  A worm (D:3)
  3 dart slugs
  4 giant geckos
  An orc (D:3)
  5 giant cockroaches
  6 goblins
  8 hobgoblins
  3 jackals (D:2)
  9 kobolds
  2 quokkas (D:3)
  A ball python (D:3)
  7 bats
  2 giant newts
  7 rats
64 creatures vanquished.

Vanquished Creatures (others)
  A boulder beetle (D:3)
1 creature vanquished.

Grand Total: 65 creatures vanquished

Notes
Turn   | Place    | Note
--------------------------------------------------------------
     0 | D:1      | Jeelzebub the Human Fighter began the quest for the Orb.
     0 | D:1      | Reached XP level 1. HP: 18/18 MP: 1/1
   164 | D:1      | Reached XP level 2. HP: 23/24 MP: 2/2
   700 | D:2      | Reached XP level 3. HP: 24/29 MP: 3/3
   790 | D:2      | Found a glowing golden altar of the Shining One.
   822 | D:2      | Became a worshipper of the Shining One
  1918 | D:3      | Reached XP level 4. HP: 33/37 MP: 4/4
  2330 | D:3      | Found an oddly glowing altar of Pakellas.
  2331 | D:3      | Noticed a boulder beetle
  2348 | D:3      | Killed a boulder beetle
  2487 | D:3      | Reached skill level 4 in Fighting
  3129 | D:4      | Reached XP level 5. HP: 27/43 MP: 5/5
  3731 | D:3      | HP: 7/43 [gnoll/halberd of protection (10)]
  3732 | D:3      | HP: 2/43 [gnoll/halberd of protection (5)]
  3734 | D:3      | The Shining One protects you from harm!
  3736 | D:3      | Slain by a gnoll

Vault maps used:
D:1:      dpeg_arrival_tiny_d
D:2:      tso_metal_star
D:3:      first_bread, gammafunk_pakellas_spire_experiment
D:4:      overflow_temple_1_default

Skill      XL: |  1  2  3  4 |
---------------+-------------+-----
Fighting       | 4 |  4.7
Long Blades    | |  2.5
Armour         | |  3.5
Shields        | |  3.3

Action                   |  1- 3 |  4- 6 || total
-------------------------+-------+-------++-------
Melee: Long sword        |   119 |   113 ||   232
  Eat: Chunk             |     3 |     5 ||     8
Armor: Scale mail        |    73 |    44 ||   117
Dodge: Dodged            |    69 |    68 ||   137
Block: Shield            |     6 |       ||     6

Vault maps used:
D:1:      dpeg_arrival_tiny_d
D:2:      tso_metal_star
D:3:      first_bread, gammafunk_pakellas_spire_experiment
D:4:      overflow_temple_1_default

Table legend:
 A = Turns spent in this place as a percentage of turns spent in the entire game.
 B = Non-inter-level travel turns spent in this place as a percentage of non-inter-level travel turns spent in the entire game.
 C = Inter-level travel turns spent in this place as a percentage of turns spent in this place.
 D = Turns resting spent in this place as a percentage of non-inter-level travel turns spent in this place.
 E = Turns spent auto-exploring this place as a percentage of non-inter-level travel turns spent in this place.
 F = Non-inter-level travel turns spent in this place divided by the number of levels of this place that you've seen.
                   A       B       C       D       E      F
               +-------+-------+-------+-------+-------+----------------------
         Total | 100.0 | 100.0 |   0.4 |   3.2 |  12.0 | 210.5
       Dungeon | 100.0 | 100.0 |   0.4 |   3.2 |  12.0 | 210.5
               +-------+-------+-------+-------+-------+----------------------

Table legend:
 A = Kills in this place as a percentage of kills in entire the game.
 B = Kills by you in this place as a percentage of kills by you in the entire game.
 C = Kills by friends in this place as a percentage of kills by friends in the entire game.
 D = Other kills in this place as a percentage of other kills in the entire game.
 E = Experience gained in this place as a percentage of experience gained in the entire game.
 F = Experience gained in this place divided by the number of levels of this place that you have seen.
                   A       B       C       D       E      F
               +-------+-------+-------+-------+-------+----------------------
         Total | 100.0 | 100.0 |  -nan |  -nan | 100.0 |  44.5
       Dungeon | 100.0 | 100.0 |  -nan |  -nan | 100.0 |  44.5
               +-------+-------+-------+-------+-------+----------------------
